 Dungeon Crawl Stone Soup version 0.32-a0-468-g38b2580584 (webtiles) character file.

Game seed: 441197059589603807

321014 hackum the Marksdemigod (level 19, -10/189 (194) HPs)
             Began as a Demigod Hunter on Feb 24, 2024.
             Shot with a bolt by a +11 triple crossbow of Viophifo {penet, rC++ Str+3 Int+4 Dex-2} (47 damage)
             ... in a wizard's laboratory.
             The game lasted 01:09:33 (36130 turns).

hackum the Marksdemigod (Demigod Hunter)           Turns: 36130, Time: 01:09:43

HP:   -10/189 (194) AC: 22    Str: 12    XL:     19   Next: 83%
MP:   22/22         EV: 33    Int: 15    God:
Gold: 30            SH:  0    Dex: 40    Spells: 18/18 levels left

rFire   + + +        n - +3 longbow (drain)
rCold   . . .        (shield currently unavailable)
rNeg    . . .        Y - +3 scale mail of the Cooper {rElec Regen+ Int+4 Dex+3}
rPois   +            h - +0 helmet
rElec   +            u - +0 cloak "Seam" {rF+}
rCorr   +            v - +0 pair of gloves "Damnable Contraption" {rElec rF++}
SInv    +            Q - +3 pair of seven-league boots {Rampage+∞}
Will    +....        D - amulet of Vitality {RegenMP++ Regen++}
Stlth   ++++         m - ring "Keill" {rPois rCorr Dex-4 SInv Stlth+}
HPRegen 2.91/turn    G - ring of Pessimism {^Drain rC+ EV+5 Stlth+}
MPRegen 0.98/turn

%: rampage+∞
@: studying Fighting, lightly drained
A: high MP 1, forlorn, divine attributes, see invisible, robust 1, cold
vulnerability 1, persistent drain
}: 2/15 runes: decaying, gossamer
a: no special abilities


You were in a wizard's laboratory.
You visited 7 branches of the dungeon, and saw 36 of its levels.
You visited 1 bazaar.
You also visited: Wizlab.

You collected 4814 gold pieces.
You spent 4784 gold pieces at shops.

Inventory:

Hand Weapons
 n - a +3 longbow of draining (weapon)
 p - a +3 orcbow
Missiles
 C - 5 curare-tipped darts
Armour
 a - a +2 leather armour of cold resistance
 h - a +0 helmet (worn)
 q - a +1 leather armour of poison resistance
 u - the +0 cloak "Seam" (worn) {rF+}
   (You bought it in a shop on level 1 of the Vaults)

   rF+:       It protects you from fire.
 v - the +0 pair of gloves "Damnable Contraption" (worn) {rElec rF++}
   (You acquired it on level 2 of the Swamp)

   rF++:      It greatly protects you from fire.
   rElec:     It insulates you from electricity.
 Q - the +3 pair of seven-league boots (worn) {Rampage+∞}
   (You found it on level 4 of the Spider Nest)

   Rampage+∞: When moving toward enemies, its wearer moves as far as possible,
   alerting their target en route.
 T - a +2 leather armour of cold resistance
 Y - the +3 scale mail of the Cooper (worn) {rElec Regen+ Int+4 Dex+3}
   (You found it on level 2 of the Vaults)

   Int+4:     It affects your intelligence (+4).
   Dex+3:     It affects your dexterity (+3).
   rElec:     It insulates you from electricity.
   Regen+:    It increases your rate of health regeneration.
Jewellery
 e - a +6 ring of dexterity
 g - the ring of the Tempest {Fly Str+2 Stlth+}
   (You found it on level 3 of the Elven Halls)

   [ring of flight]

   Str+2:     It affects your strength (+2).
   Fly:       It grants you flight.
   Stlth+:    It makes you more stealthy.
 i - a ring of poison resistance
 j - the ring of Qahik {Str+2 SInv}
   (You found it on level 5 of the Lair of Beasts)

   [ring of see invisible]

   Str+2:     It affects your strength (+2).
   SInv:      It lets you see invisible.
 m - the ring "Keill" (left hand) {rPois rCorr Dex-4 SInv Stlth+}
   (You took it off a deep elf blademaster on level 3 of the Elven Halls)

   [ring of resist corrosion]

   Dex-4:     It affects your dexterity (-4).
   rPois:     It protects you from poison SInv: It lets you see invisible.
   rCorr:     It protects you from acid and corrosion.
   Stlth+:    It makes you more stealthy.
 A - a ring of protection from cold
 B - a ring of protection from cold
 D - the amulet of Vitality (around neck) {RegenMP++ Regen++}
   (You found it on level 9 of the Dungeon)

   [amulet of magic regeneration]

   RegenMP:   It increases your rate of magic regeneration.
   Regen++:   It increases your rate of health regeneration.
 G - the ring of Pessimism (right hand) {^Drain rC+ EV+5 Stlth+}
   (You bought it in a shop on level 11 of the Dungeon)

   [ring of evasion]

   EV+5:      It affects your evasion (+5).
   rC+:       It protects you from cold.
   ^Drain:    It drains your maximum health when unequipped.
   Stlth+:    It makes you more stealthy.
 I - the ring of Ostits {rElec EV+5 Str+2}
   (You bought it in a shop on level 11 of the Dungeon)

   [ring of evasion]

   EV+5:      It affects your evasion (+5).
   Str+2:     It affects your strength (+2).
   rElec:     It insulates you from electricity.
 X - a +4 ring of protection
Talismans
 c - a talisman of death
Wands
 f - a wand of paralysis (13)
 F - a wand of flame (119)
 H - a wand of light (12)
 J - a wand of mindburst (30)
 M - a wand of polymorph (9)
 P - a wand of iceblast (22)
Scrolls
 b - a scroll of butterflies
 k - a scroll of fog
 o - 18 scrolls of teleportation
 y - 6 scrolls of revelation
 K - 2 scrolls of torment
 O - a scroll of silence
 U - 3 scrolls of enchant armour
 V - a scroll of fear
 W - a scroll of brand weapon
Potions
 d - 18 potions of heal wounds
 l - a potion of lignification
 r - 4 potions of cancellation
 s - 9 potions of brilliance
 t - 7 potions of might
 w - 2 potions of resistance
 x - 9 potions of curing
 z - 3 potions of enlightenment
 L - 5 potions of haste
 N - 7 potions of ambrosia
 R - 3 potions of invisibility
 S - 2 potions of magic
Miscellaneous
 E - a phantom mirror
 Z - a condenser vane


   Skills:
 + Level 17.2 Fighting
 - Level 20.0 Ranged Weapons
 * Level 14.7 Armour
 + Level 16.7 Dodging
 - Level 0.8 Stealth
 + Level 11.1 Shapeshifting


You had 18 spell levels left.
You didn't know any spells.
Your spell library contained the following spells:

 Spells                   Type           Power      Damage    Failure   Level
 Apportation              Tloc           0%         N/A       65%         1
 Kiss of Death            Conj/Necr      0%         2d5       65%         1
 Magic Dart               Conj           0%         1d3       65%         1
 Necrotise                Necr           0%         1d4       65%         1
 Sandblast                Erth           0%         2d4       65%         1
 Shock                    Conj/Air       0%         1d3       65%         1
 Sting                    Conj/Alch      0%         1d3       65%         1
 Summon Small Mammal      Summ           0%         N/A       65%         1
 Blink                    Tloc           0%         N/A       78%         2
 Call Imp                 Summ           0%         N/A       78%         2
 Cigotuvi's Dreadful Rot  Necr/Alch/Air  0%         N/A       78%         2
 Ensorcelled Hibernation  Hex/Ice        0%         N/A       78%         2
 Jinxbite                 Hex            0%         N/A       78%         2
 Lesser Beckoning         Tloc           0%         N/A       78%         2
 Mercury Vapours          Alch/Air       0%         N/A       78%         2
 Call Canine Familiar     Summ           0%         N/A       95%         3
 Confusing Touch          Hex            0%         N/A       95%         3
 Frozen Ramparts          Ice            0%         1d1       95%         3
 Gell's Gravitas          Tloc           0%         N/A       95%         3
 Passwall                 Erth           0%         N/A       95%         3
 Sigil of Binding         Hex            0%         N/A       95%         3
 Stone Arrow              Conj/Erth      0%         3d7       95%         3
 Swiftness                Air            0%         N/A       95%         3
 Teleport Other           Tloc           0%         N/A       95%         3
 Tukima's Dance           Hex            0%         N/A       95%         3
 Vampiric Draining        Necr           0%         2d6       95%         3
 Volatile Blastmotes      Fire/Tloc      0%         2d10      95%         3
 Airstrike                Air            0%         2d(0-16)  100%        4
 Brom's Barrelling Bould  Conj/Erth      0%         2d3       100%        4
 Dimensional Bullseye     Hex/Tloc       0%         N/A       100%        4
 Dispel Undead            Necr           0%         3d6       100%        4
 Flame Wave               Conj/Fire      0%         2d4       100%        4
 Iskenderun's Mystic Bla  Conj/Tloc      0%         2d3       100%        4
 Leda's Liquefaction      Alch/Erth      0%         N/A       100%        4
 Martyr's Knell           Necr/Summ      0%         N/A       100%        4
 Olgreb's Toxic Radiance  Alch           0%         N/A       100%        4
 Passage of Golubria      Tloc           0%         N/A       100%        4
 Petrify                  Alch/Erth      0%         N/A       100%        4
 Summon Blazeheart Golem  Fire/Summ      0%         N/A       100%        4
 Alistair's Intoxication  Alch           0%         N/A       100%        5
 Borgnjor's Vile Clutch   Necr/Erth      0%         N/A       100%        5
 Curse of Agony           Necr           0%         N/A       100%        5
 Fireball                 Conj/Fire      0%         3d3       100%        5
 Lee's Rapid Deconstruct  Erth           0%         3d4*      100%        5
 Metabolic Englaciation   Hex/Ice        0%         N/A       100%        5
 Summon Forest            Summ/Tloc      0%         N/A       100%        5
 Summon Mana Viper        Hex/Summ       0%         N/A       100%        5
 Yara's Violent Unravell  Hex/Alch       0%         3d3       100%        5
 Bombard                  Conj/Erth      0%         9d1       100%        6
 Death Channel            Necr           0%         N/A       100%        6
 Dispersal                Tloc           0%         N/A       100%        6
 Eringya's Noxious Bog    Alch           0%         4d6       100%        6
 Summon Cactus Giant      Summ           0%         N/A       100%        6
 Summon Hydra             Summ           0%         N/A       100%        7
 Ignition                 Fire           0%         3d3       100%        8


Dungeon Overview and Level Annotations

Branches:
Dungeon (15/15)            Temple (0/1) D:7            Lair (5/5) D:8
  Swamp (4/4) Lair:2       Spider (4/4) Lair:2        Slime (0/5) Lair:5
    Orc (2/2) D:10            Elf (3/3) Orc:2        Vaults (3/5) D:13
  Crypt (0/3) Vaults:3     Depths (0/4) D:15         WizLab (1/1)

Shops:
D:3 *?=*   D:8 :   D:11 =   Orc:2 [*(!   Elf:1 ?   Elf:3 ::=   Vaults:1 [
Vaults:2 !   Vaults:3 [(

Portals:
Trove: D:11 (give 5 potions of resistance)

Annotations:
D:11 1 runed translucent door, GrimJard's ghost, journeyman DsFi
Elf:2 5 runed translucent doors


Innate Abilities, Weirdness & Mutations

You have an increased reservoir of magic. (+10% MP)
You shall have no god before yourself.
Your divine heritage dramatically boosts your attributes as you level up.
You have supernaturally acute eyesight. (SInv)
You are robust. (+10% HP)
You are vulnerable to cold. (rC-)
Your health recovers twice as slowly from being drained.


Message History

You feel strangely unstable. The +2 hand axe of freezing hits you!
The +2 hand axe of freezing freezes you.
The +1 flail of protection misses you.
The +2 trident of venom hits you from afar.
The +2 hand axe of freezing barely misses you.
The +1 flail of protection completely misses you.
The +2 trident of venom attacks as it pursues you!
The +2 trident of venom hits you from afar.
The +2 trident of venom barely misses you.
The +2 hand axe of freezing hits you.
The +2 hand axe of freezing freezes you.
Your surroundings suddenly seem different.
A +11 triple crossbow of Viophifo {penet, rC++ Str+3 Int+4 Dex-2} comes into view.
The +2 glaive of protection misses you.
Unknown command.
The +2 glaive of protection hits you!!
* * * LOW HITPOINT WARNING * * *
You shoot an arrow. The arrow hits the strange machine!!!
The strange machine is severely damaged.
The +2 glaive of protection completely misses you.
The +11 triple crossbow of Viophifo {penet, rC++ Str+3 Int+4 Dex-2} shoots a bolt.
The bolt pierces through you!
* * * LOW HITPOINT WARNING * * *
You feel much better.
The +2 glaive of protection hits you but does no damage.
The +11 triple crossbow of Viophifo {penet, rC++ Str+3 Int+4 Dex-2} shoots a bolt.
The bolt pierces through you!!!
* * * LOW HITPOINT WARNING * * *
The +2 glaive of protection completely misses you.
You shoot an arrow. The arrow hits the strange machine!!
The strange machine is almost destroyed.
The +2 glaive of protection hits you.
* * * LOW HITPOINT WARNING * * *
Unknown command.
You shoot an arrow. The arrow hits the strange machine!!
You destroy the strange machine!
The +2 glaive of protection dissolves into shadows!
The +11 triple crossbow of Viophifo {penet, rC++ Str+3 Int+4 Dex-2} shoots a bolt.
The bolt pierces through you!!!
You die...

###########[/:[[##
###[..######.....####
###.....##...........
##...##.).R.........
###..##...###..)..##
###..)).#####...###
###..#..#####.###
###...#####...###
###R.####..@..##
##.).###..⌠..##
###(.###.....##
##@'####...### ##..#
###.### ##(..## #...#
##((.## .(... ##...##
.....# ##...##
.....##


You could see a +11 triple crossbow of Viophifo {penet, rC++ Str+3 Int+4 Dex-2}.

Vanquished Creatures
  Arachne (Spider:3)
  2 deep elf blademasters (Elf:3)
  A tentacled monstrosity (Swamp:3)
  Mlioglotl (Spider:1)
  A walking crystal tome (WizLab)
  2 deep elf master archers (Elf:3)
  Kirke (Lair:4)
  2 thorn hunters
  Aizul (Swamp:3)
  2 strange machines (WizLab)
  4 emperor scorpions
  6 ghost moths
  8 vault wardens
  5 deep elf sorcerers
  3 orc warlords
  4 deep elf elementalists (Elf:3)
  3 broodmothers
  A formless jellyfish (Vaults:2)
  10 ironbound preservers
  An ironbound thunderhulk (Vaults:1)
  6 deep elf demonologists (Elf:3)
  4 deep elf death magi (Elf:3)
  3 bunyips
  An eleionoma (Swamp:4)
  3 spark wasps
  11 dire elephants
  Azrael (Spider:1)
  4 deep elf annihilators
  2 entropy weavers
  3 great orbs of eyes
  4 rakshasas (WizLab)
  3 deep elf high priests
  2 yaktaur captains
  A shambling mangrove (Swamp:4)
  Fannar (D:12)
  6 vault guards (Vaults:1)
  2 catoblepae
  4 ironbound frosthearts
  An ogre mage (Orc:2)
  28 hydras
  4 jorogumos
  11 alligators
  3 radroaches
  13 centaur warriors
  6 boulder beetles
  17 dancing weapons
  14 two-headed ogres
  8 demonic crawlers
  15 death yaks
  7 orc high priests
  A spriggan berserker (Swamp:4)
  9 deep elf knights
  Sonja (Orc:2)
  A skyshark (Lair:5)
  6 pharaoh ants
  A salamander mystic (D:15)
  5 goliath frogs
  A skeletal warrior (D:9)
  A sea snake (shapeshifter) (Vaults:3)
  A sun moth (Spider:1)
  11 deep trolls
  2 spriggan druids
  5 swamp dragons
  11 orb spiders
  An arcanist (Vaults:2)
  9 bog bodies
  10 deep elf archers
  10 orc knights
  7 steelbarb worms
  17 deep elf pyromancers
  2 necromancers
  6 ironbound convokers
  4 lindwurms (Lair:5)
  22 deep elf zephyrmancers
  29 wolf spiders
  7 orc sorcerers
  4 wolf spider zombies (Spider:2)
  5 spectral wolf spiders (Spider:2)
  6 cyclopes
  9 manticores
  27 ugly things
  2 moths of wrath
  4 will-o-the-wisps
  4 centaur zombies (D:9)
  A meliai (Spider:4)
  9 black mambas
  A black mamba (shapeshifter) (D:12)
  A water nymph (D:15)
  5 torpor snails
  5 kobold blastminers (Orc:2)
  14 elephants
  5 vault sentinels
  A guardian serpent (shapeshifter) (Elf:1)
  4 gargoyles
  An elf zombie (Vaults:2)
  17 cane toads
  4 unseen horrors
  19 yaktaurs
  4 rime drakes
  4 tengu conjurers
  3 efreet
  6 komodo dragons
  15 trolls
  A bloated husk (Swamp:1)
  2 wolf spider simulacra (Spider:2)
  7 tyrant leeches
  3 polar bears
  28 tarantellas
  14 hornets
  8 blink frogs
  Prince Ribbit (D:6)
  4 meliai zombies (D:9)
  Sigmund (D:2)
  21 jumping spiders
  An ettin skeleton (Vaults:2)
  15 slime creatures
  11 spriggans
  8 air elementals
  26 culicivoras
  10 wraiths
  6 vampires (D:9)
  68 yaks
  10 water elementals
  8 wyverns
  5 fire elementals
  6 hogs (Lair:4)
  3 shadows
  6 basilisks
  A steam dragon (D:7)
  4 wargs
  60 redbacks
  12 vampire mosquitoes
  Edmund (D:6)
  22 swamp worms
  4 acid dragons
  10 water moccasins
  A glowing shapeshifter skeleton (Vaults:2)
  4 hell hounds (Spider:1)
  12 swamp drakes
  3 sky beasts
  2 ice beasts (Vaults:2)
  45 orc warriors
  3 black bears
  2 laughing skulls (D:14)
  13 ogres
  A wolf (Vaults:2)
  5 boggarts (D:14)
  11 centaurs
  Blork the orc (D:6)
  2 phantoms (D:9)
  5 earth elementals
  An ogre simulacrum (Vaults:2)
  5 bullfrogs
  A gnoll sergeant (D:10)
  8 scorpions
  6 jellies
  13 wights
  9 killer bees (D:9)
  5 howler monkeys
  7 electric eels
  A quasit (D:6)
  A crimson imp (D:6)
  A bombardier beetle (D:3)
  5 hounds
  39 orc priests
  Crazy Yiuf (D:3)
  Jessica (D:3)
  2 sleepcaps
  Terence (D:2)
  4 iguanas
  Natasha (thrice) (D:3)
  19 orc wizards
  10 adders
  A shadow imp (D:6)
  2 white imps
  2 ufetubi (D:5)
  2 dart slugs
  3 ribbon worms
  103 orcs
  7 ball pythons
  19 bats
  12 endoplasms
  3 giant cockroaches
  4 goblins
  2 hobgoblins
  10 jackals
  3 quokkas
  3 frilled lizards
  5 kobolds (D:1)
  5 rats
1433 creatures vanquished.

Vanquished Creatures (collateral kills)
  A broodmother (Spider:4)
  An eleionoma (Swamp:2)
  A spriggan air mage (Swamp:2)
  A swamp dragon (Swamp:3)
  An orb spider (Spider:4)
  A culicivora (Spider:4)
  A jumping spider (Spider:1)
  A fire elemental (Spider:1)
  A swamp worm (Swamp:3)
9 creatures vanquished.

Vanquished Creatures (others)
  A demonic crawler (Spider:1)
  A deep elf knight (Elf:2)
  A water elemental (Elf:1)
  A fire elemental (Elf:2)
  3 redbacks (Spider:1)
  A swamp drake (Swamp:1)
  An orc wizard (D:6)
  An orc (Orc:2)
  10 foxfires (Swamp:3)
20 creatures vanquished.

Grand Total: 1462 creatures vanquished

Notes
Turn   | Place    | Note
-------+----------+-------------------------------------------
     0 | D:1      | hackum the Demigod Hunter began the quest for the Orb.
     0 | D:1      | Reached XP level 1. HP: 17/17 MP: 3/3
   213 | D:1      | Reached XP level 2. HP: 24/24 MP: 4/4
   256 | D:1      | Reached skill level 4 in Ranged Weapons
   486 | D:1      | Reached XP level 3. HP: 29/29 MP: 5/5
   930 | D:2      | Noticed Sigmund
  1035 | D:2      | Killed Sigmund
  1036 | D:2      | Reached skill level 5 in Ranged Weapons
  1036 | D:2      | Reached XP level 4. HP: 36/36 MP: 6/6
  1036 | D:2      | Reached XP level 5. HP: 41/41 MP: 7/7
  1105 | D:2      | Noticed Terence
  1122 | D:2      | Killed Terence
  1666 | D:3      | Found Apaecweg's Magic Scroll Boutique.
  1694 | D:3      | Bought a scroll of fear for 48 gold pieces
  1694 | D:3      | Bought a scroll of teleportation for 36 gold pieces
  1716 | D:3      | Found Ximniera's General Store.
  1966 | D:3      | Noticed Natasha
  1976 | D:3      | Killed Natasha
  1977 | D:3      | Reached skill level 6 in Ranged Weapons
  1977 | D:3      | Reached XP level 6. HP: 17/48 MP: 8/8
  2148 | D:3      | Found Qubope's General Store.
  2154 | D:3      | Noticed Jessica
  2156 | D:3      | Killed Jessica
  2195 | D:3      | Found Muisus's Jewellery Emporium.
  2322 | D:3      | Found a runed translucent door.
  2323 | D:3      | Noticed Crazy Yiuf
  2369 | D:3      | Noticed Natasha
  2379 | D:3      | Killed Natasha
  2379 | D:3      | Noticed Natasha
  2384 | D:3      | Killed Natasha
  2522 | D:3      | Killed Crazy Yiuf
  3174 | D:5      | Entered Level 5 of the Dungeon
  3190 | D:5      | Reached XP level 7. HP: 53/53 MP: 9/9
  3207 | D:5      | Reached skill level 7 in Ranged Weapons
  3391 | D:5      | Reached skill level 5 in Dodging
  3860 | D:6      | Noticed Blork the orc
  3872 | D:6      | Killed Blork the orc
  3873 | D:6      | Reached skill level 8 in Ranged Weapons
  3906 | D:6      | Noticed Prince Ribbit
  3918 | D:6      | Killed Prince Ribbit
  3919 | D:6      | Reached XP level 8. HP: 36/60 MP: 10/10
  4194 | D:6      | Reached skill level 9 in Ranged Weapons
  4647 | D:6      | Noticed Edmund
  4658 | D:6      | Killed Edmund
  5149 | D:7      | Noticed a +0 falchion
  5163 | D:7      | Noticed a +0 spear
  5164 | D:7      | Noticed a +0 falchion
  5165 | D:7      | Noticed a +0 short sword
  5165 | D:7      | Noticed a +0 dagger
  5166 | D:7      | Noticed a +0 dagger
  5166 | D:7      | Noticed a +0 short sword
  5166 | D:7      | Noticed a +0 spear
  5233 | D:7      | Reached skill level 10 in Ranged Weapons
  5233 | D:7      | Reached XP level 9. HP: 62/67 MP: 11/11
  5706 | D:7      | Found a staircase to the Ecumenical Temple.
  5807 | D:8      | Found Sanealec's Book Shop.
  5842 | D:8      | Reached skill level 11 in Ranged Weapons
  6225 | D:8      | Noticed a two-headed ogre
  6237 | D:8      | Killed a two-headed ogre
  6238 | D:8      | Reached XP level 10. HP: 24/73 MP: 13/13
  6405 | D:8      | Found a staircase to the Lair.
  6522 | D:8      | Reached skill level 12 in Ranged Weapons
  6578 | D:8      | Noticed a two-headed ogre
  7024 | D:8      | Killed a two-headed ogre
  7139 | D:8      | Identified a scroll of acquirement
  7139 | D:8      | Acquired 995 gold pieces
  7252 | D:3      | Bought a scroll of acquirement for 624 gold pieces
  7252 | D:3      | Acquired a +3 longbow of draining
  7255 | D:3      | Bought a scroll of teleportation for 36 gold pieces
  7255 | D:3      | Bought a scroll of revelation for 90 gold pieces
  7469 | D:9      | Found the amulet of Vitality {RegenMP++ Regen++}
  7560 | D:9      | Identified the +1 chain mail of Qoissacroy {Will+ Regen+
                  | Int+2 Dex-4}
  7797 | D:9      | Noticed a two-headed ogre
  7804 | D:9      | Killed a two-headed ogre
  7805 | D:9      | Reached skill level 1 in Armour
  8068 | D:9      | Noticed a two-headed ogre
  8071 | D:9      | Killed a two-headed ogre
  8072 | D:9      | Reached skill level 13 in Ranged Weapons
  8145 | D:9      | Reached XP level 11. HP: 83/83 MP: 14/14
  8717 | D:9      | Reached skill level 5 in Fighting
  8842 | D:9      | Noticed a skeletal warrior
  8874 | D:9      | Reached skill level 14 in Ranged Weapons
  8911 | D:9      | Identified the +0 shadow dragon scales of the Solstice
                  | {rPois Str-4 Dex+3 SInv Stlth++++}
  8944 | D:9      | Killed a skeletal warrior
  8945 | D:9      | Reached skill level 10 in Dodging
  9137 | Lair:1   | Entered Level 1 of the Lair of Beasts
  9385 | Lair:1   | Reached XP level 12. HP: 95/95 MP: 15/15
  9558 | Lair:1   | Reached skill level 5 in Armour
 10030 | Lair:2   | Reached skill level 15 in Ranged Weapons
 10245 | Lair:2   | Found a hole to the Spider Nest.
 10678 | Lair:2   | Found a staircase to the Swamp.
 10853 | Lair:2   | Gained mutation: Your spells are a little easier to cast,
                  | but a little less powerful. [potion of mutation]
 10853 | Lair:2   | Gained mutation: You are strong-willed. (Will+) [potion of
                  | mutation]
 10854 | Lair:2   | Lost mutation: Your spells are a little easier to cast, but
                  | a little less powerful. [potion of mutation]
 10854 | Lair:2   | Lost mutation: You are strong-willed. (Will+) [potion of
                  | mutation]
 10854 | Lair:2   | Gained mutation: You are weak. (Str -2) [potion of
                  | mutation]
 10854 | Lair:2   | Gained mutation: Your body sometimes deteriorates upon
                  | taking damage. [potion of mutation]
 10854 | Lair:2   | Gained mutation: You are somewhat resistant to further
                  | mutation. [potion of mutation]
 10870 | Lair:3   | Noticed an eight-headed hydra
 10875 | Lair:3   | Killed an eight-headed hydra
 10898 | Lair:3   | Reached XP level 13. HP: 45/105 MP: 16/16
 11194 | Lair:3   | Reached skill level 16 in Ranged Weapons
 11861 | Lair:4   | Noticed Kirke
 11884 | Lair:4   | Noticed a sphinx
 11886 | Lair:4   | Killed Kirke
 12563 | Lair:5   | Entered Level 5 of the Lair of Beasts
 12931 | Lair:5   | Identified the ring of Qahik {Str+2 SInv}
 13021 | Lair:5   | Found a staircase to the Slime Pits.
 13103 | Lair:5   | Reached XP level 14. HP: 116/116 MP: 17/17
 13799 | D:10     | Entered Level 10 of the Dungeon
 13808 | D:9      | Reached skill level 17 in Ranged Weapons
 13915 | D:10     | Reached skill level 1 in Shapeshifting
 14242 | D:10     | Found a staircase to the Orcish Mines.
 14922 | D:11     | Found Onuelon's Jewellery Shop.
 14926 | D:11     | Bought the ring of Ostits {rElec EV+5 Str+2} for 867 gold
                  | pieces
 15082 | D:11     | Found a runed translucent door.
 15083 | D:11     | Noticed GrimJard's ghost (journeyman DsFi)
 15109 | D:11     | Found a portal to a secret trove of treasure.
 16502 | D:12     | Noticed Fannar
 16511 | D:12     | Killed Fannar
 16773 | Orc:1    | Entered Level 1 of the Orcish Mines
 17376 | Orc:2    | Entered Level 2 of the Orcish Mines
 17590 | Orc:2    | Found Gyrphib's Antique Armour Emporium.
 17613 | Orc:2    | Found Ozaheil's General Store.
 17616 | Orc:2    | Paralysed by an ogre mage for 2 turns
 17792 | Orc:2    | Noticed Sonja
 17797 | Orc:2    | Killed Sonja
 17836 | Orc:2    | Reached XP level 15. HP: 126/126 MP: 18/18
 17861 | Orc:2    | Reached skill level 10 in Fighting
 18196 | Orc:2    | Reached skill level 18 in Ranged Weapons
 18283 | Orc:2    | Found a staircase to the Elven Halls.
 18495 | Orc:2    | Found Yghur's Distillery.
 18504 | Orc:2    | Bought a potion of lignification for 54 gold pieces
 18504 | Orc:2    | Bought a potion of degeneration for 18 gold pieces
 18675 | Orc:2    | Found Qyozul's Antique Weapon Boutique.
 18683 | Orc:2    | Bought a runed arbalest for 232 gold pieces
 18946 | Orc:2    | Bought an ichor-stained ring mail for 261 gold pieces
 18946 | Orc:2    | Identified the +1 ring mail "Forget-Me-Not" {Rampage rN+}
                  | (You bought it in a shop on level 2 of the Orcish Mines)
 18946 | Orc:2    | Bought a pair of boots for 130 gold pieces
 19566 | D:13     | Found a gate to the Vaults.
 20028 | D:14     | Reached skill level 10 in Armour
 20576 | D:14     | Reached skill level 5 in Shapeshifting
 20855 | D:15     | Entered Level 15 of the Dungeon
 21289 | D:15     | Found a staircase to the Depths.
 21425 | D:15     | Lost mutation: You are somewhat resistant to further
                  | mutation. [potion of mutation]
 21425 | D:15     | Lost mutation: You are weak. (Str -2) [potion of mutation]
 21425 | D:15     | Lost mutation: Your body sometimes deteriorates upon taking
                  | damage. [potion of mutation]
 21425 | D:15     | Gained mutation: Potions are less effective at restoring
                  | your health. [potion of mutation]
 21812 | Elf:1    | Entered Level 1 of the Elven Halls
 22060 | Elf:1    | Found Xahil's Magic Scroll Emporium.
 22063 | Elf:1    | Bought a scroll of teleportation for 33 gold pieces
 22063 | Elf:1    | Bought a scroll of blinking for 82 gold pieces
 22063 | Elf:1    | Bought a scroll of identify for 22 gold pieces
 22143 | Elf:1    | Reached XP level 16. HP: 93/137 MP: 19/19
 22343 | Elf:1    | Reached skill level 19 in Ranged Weapons
 22362 | Elf:1    | Lost mutation: Potions are less effective at restoring your
                  | health. [potion of mutation]
 22362 | Elf:1    | Gained mutation: You are vulnerable to cold. (rC-) [potion
                  | of mutation]
 22362 | Elf:1    | Gained mutation: You have large cloven feet. [potion of
                  | mutation]
 22362 | Elf:1    | Gained mutation: You are robust. (+10% HP) [potion of
                  | mutation]
 22362 | Elf:1    | Gained mutation: You have supernaturally acute eyesight.
                  | (SInv) [potion of mutation]
 22760 | Elf:2    | Paralysed by an air elemental for 1 turns
 22844 | Elf:2    | Paralysed by an air elemental for 1 turns
 23079 | Elf:2    | Paralysed by an air elemental for 1 turns
 23356 | Elf:2    | Found a huge runed translucent gate.
 23356 | Elf:2    | Found a huge runed translucent gate.
 23357 | Elf:2    | Found a huge runed translucent gate.
 23359 | Elf:2    | Found a huge runed translucent gate.
 23365 | Elf:2    | Found a huge runed translucent gate.
 23721 | Swamp:1  | Entered Level 1 of the Swamp
 23933 | D:11     | Bought the ring of Pessimism {^Drain rC+ EV+5 Stlth+} for
                  | 755 gold pieces
 24350 | Swamp:1  | Found a transporter.
 24377 | Swamp:1  | Found a transporter.
 24448 | Swamp:1  | Identified the +1 helmet of Poor Excuses {-Tele rPois Will+
                  | Int+8}
 24451 | Swamp:1  | Identified the amulet "Nudwibiut" {Spirit Rampage Int+3
                  | Stlth-}
 25387 | Swamp:2  | Acquired the +0 pair of gloves "Damnable Contraption"
                  | {rElec rF++}
 25460 | Swamp:3  | Identified the serpent talisman "Vopraz" {Fly}
 25460 | Swamp:3  | Noticed Aizul
 25468 | Swamp:3  | Noticed a tentacled monstrosity
 25607 | Swamp:3  | Killed a tentacled monstrosity
 25758 | Swamp:3  | Killed Aizul
 26031 | Swamp:4  | Entered Level 4 of the Swamp
 26092 | Swamp:4  | Reached XP level 17. HP: 160/160 MP: 20/20
 26262 | Swamp:4  | Reached skill level 20 in Ranged Weapons
 26750 | Swamp:4  | Got a decaying rune of Zot
 26945 | Spider:1 | Entered Level 1 of the Spider Nest
 26981 | Spider:1 | Noticed Mlioglotl
 26995 | Spider:1 | Killed Mlioglotl
 27248 | Spider:1 | Noticed Azrael
 27465 | Spider:1 | Killed Azrael
 28710 | Spider:2 | Reached skill level 15 in Dodging
 29185 | Spider:3 | Reached XP level 18. HP: 174/174 MP: 21/21
 29186 | Spider:3 | Noticed Arachne
 29225 | Spider:3 | Killed Arachne
 29854 | Spider:4 | Entered Level 4 of the Spider Nest
 30517 | Spider:4 | Got a gossamer rune of Zot
 30571 | Spider:4 | Found the +3 pair of seven-league boots {Rampage+∞}
 31119 | Elf:3    | Entered Level 3 of the Elven Halls
 31460 | Elf:3    | Reached skill level 15 in Fighting
 31528 | Elf:3    | Found Vegi's Jewellery Emporium.
 31528 | Elf:3    | Found Papturch's Book Shop.
 31531 | Elf:3    | Found Qeshuwang's Book Shop.
 32301 | Elf:3    | Gained mutation: Your health recovers twice as slowly from
                  | being drained. [a neqoxec]
 32381 | Elf:3    | Found the +8 frozen axe "Frostbite" {freeze, freezing
                  | cloud, *Noise Fly rC+}
 32538 | Elf:3    | Identified the +0 robe of Kuxu {rElec Regen+ rCorr MP+9}
 32561 | Elf:3    | Identified the ring of the Tempest {Fly Str+2 Stlth+}
 32564 | Elf:3    | Identified the ring "Dohareeq" {Fire Dex+2}
 32565 | Elf:3    | Identified the +0 leather armour of the Rose {Fly Str+6}
 32570 | Elf:3    | Got Pelapyus's Folio of Immolation
 32594 | Elf:3    | Identified the +9 broad axe of Hacking and Slashing {heavy,
                  | rC- rCorr Str+5 Dex+4}
 32629 | Elf:3    | Identified the ring "Keill" {rPois rCorr Dex-4 SInv Stlth+}
 32724 | Elf:3    | Reached XP level 19. HP: 171/188 MP: 22/22
 32744 | Elf:3    | Identified the staff "Jonwor" {rElec Dex+3 Air}
 32773 | Elf:3    | Got the Secrets of Excavation
 33413 | Vaults:1 | Entered Level 1 of the Vaults
 33476 | Vaults:1 | Reached skill level 10 in Shapeshifting
 33502 | Vaults:1 | Acquired a manual of Fighting
 33949 | Vaults:1 | Found Zarch's Armour Boutique.
 34016 | Vaults:1 | Bought the +0 cloak "Seam" {rF+} for 296 gold pieces
 34894 | Vaults:2 | Found Gomicw's Distillery.
 34923 | Vaults:2 | Bought a potion of haste for 190 gold pieces
 34923 | Vaults:2 | Bought a potion of heal wounds for 95 gold pieces
 34923 | Vaults:2 | Bought a potion of curing for 57 gold pieces
 35251 | Vaults:2 | Identified the +3 scale mail of the Cooper {rElec Regen+
                  | Int+4 Dex+3}
 35802 | Vaults:3 | Found a flickering gateway to a bazaar.
 35806 | Vaults:3 | Found Conidusm's Antique Armour Boutique.
 35811 | Bazaar   | Entered a bazaar
 35811 | Bazaar   | Found Utocima's General Store.
 35819 | Bazaar   | Found Ihaixt's Jewellery Emporium.
 35855 | Bazaar   | Found Riazoaz's Assorted Antiques.
 35863 | Bazaar   | Bought a potion of mutation for 176 gold pieces
 35863 | Bazaar   | Lost mutation: You have large cloven feet. [potion of
                  | mutation]
 35863 | Bazaar   | Lost mutation: Your health recovers twice as slowly from
                  | being drained. [potion of mutation]
 35863 | Bazaar   | Gained mutation: Your health recovers twice as slowly from
                  | being drained. [potion of mutation]
 35864 | Bazaar   | Found Zarrea's Magic Scroll Shoppe.
 35880 | Bazaar   | Bought 2 potions of heal wounds for 220 gold pieces
 35880 | Bazaar   | Bought a scroll of teleportation for 66 gold pieces
 35880 | Bazaar   | Bought a scroll of teleportation for 66 gold pieces
 35880 | Bazaar   | Bought a potion of heal wounds for 110 gold pieces
 35880 | Bazaar   | Bought a potion of haste for 220 gold pieces
 35963 | Vaults:3 | Found Ekhag's Weapon Emporium.
 35975 | Vaults:3 | Found a magical portal.
 35984 | WizLab   | Entered Tukima's Studio
 36062 | WizLab   | Noticed hackum's illusion
 36091 | WizLab   | Noticed hackum's illusion
 36125 | WizLab   | Identified the +11 triple crossbow of Viophifo {penet, rC++
                  | Str+3 Int+4 Dex-2}
 36130 | WizLab   | Shot with a bolt by a +11 triple crossbow of Viophifo
                  | {penet, rC++ Str+3 Int+4 Dex-2}

Illustrated notes

Levels and vault maps discovered:
D:1:      dpeg_arrival_three_smaller_balls, layout_basic,
          shapermc_ecumenical_altar_petra, hangedman_decor_riveting
D:2:      layout_loops_ring, uniq_terence, uniq_sigmund
D:3:      layout_rooms, amcnicky_altar_gilded, serial_shops, shop,
          nicolae_square_shop, shop, nicolae_diamond_shop, nicolae_the_louvre,
          uniq_crazy_yiuf_cottage, uniq_jessica, uniq_natasha
D:4:      layout_loops_cross
D:5:      layout_gridville
D:6:      layout_loops_corners, mainiacjoe_overflow_small_starburst,
          serial_demonic, serial_demonic_b, serial_demonic_d, serial_demonic_f,
          serial_demonic_b, corner_web_ring, minmay_fire_ice_demons,
          uniq_edmund, uniq_prince_ribbit1, uniq_blork_the_orc
D:7:      old_forge, layout_basic, vehumet_crystals, nicolae_uskayaw_en_pointe,
          minmay_temple_entry_proselytizer
D:8:      layout_basic, dpeg_lair_monsters, serial_shops, nicolae_shop_crystal
D:9:      bobbens_index_wilting_gardens, layout_basic,
          nicolae_hepliaklqana_ecumenical_no_more,
          mainiacjoe_overflow_surrounded_room
D:10:     cheibrodos_fzero, layout_irregular_city, orc_0_dummy,
          hangedman_abyss_or_decor_lesser_grid
D:11:     layout_basic, nicolae_trove_entry_crystal, serial_glass,
          glass_columns_c, glass_columns_a, serial_shops,
          nicolae_shop_pleasant_corner_grove, gammafunk_ghost_grave
D:12:     minmay_open_boxes_in_corner, layout_basic, fountainhead,
          lemuel_flamethrower_2, uniq_fannar, uniq_nergalle
D:13:     layout_roguey, david_vaults_1
D:14:     layout_gridville, serial_rivers, chequers_serial_rivers_room_a,
          chequers_serial_rivers_small_a, chequers_serial_rivers_large_b,
          chequers_serial_rivers_micro_b, chequers_serial_rivers_room_b,
          hangedman_decor_slide_cut
D:15:     hangedman_depths_entry_try_elsewhere_first, layout_basic,
          kennysheep_pointless_box
Lair:1:   layout_roguey, minmay_holes
Lair:2:   layout_roguey, swamp_mist, spider_nest_entry_rubble, serial_bayou,
          serial_bayou_crossing, serial_bayou_lagoon_b, serial_bayou_shore_a,
          serial_bayou_shore_b
Lair:3:   layout_cave_pods, infiniplex_staircase_pool
Lair:4:   layout_cave_shapes, uniq_kirke
Lair:5:   hangedman_lair_in_review, layout_cave_pods,
          nicolae_slime_entry_slimehenge
Swamp:1:  gammafunk_worm_tunnel, layout_basic_swamp, hangedman_swamp_diagram
Swamp:2:  layout_basic_swamp, nicolae_swamp_stair_fork, swamp_pool_3
Swamp:3:  layout_basic_swamp, nicolae_swamp_tree_isthmus, swamp_pool_1_2,
          uniq_aizul
Swamp:4:  swamp_basic_johnstein, layout_basic_swamp
Spider:1: layout_spider_delve, uniq_azrael, uniq_mlioglotl
Spider:2: layout_spider_delve, nicolae_spider_undead_wolf_pack,
          hangedman_spider_tarantella_strand
Spider:3: layout_spider_delve, spiders_nest_spider_trap, uniq_arachne
Spider:4: guppyfry_spider_rune, nicolae_spider_eight_legs
Orc:1:    layout_caves, regret_index_minedec_devilstone, lightli_orcish_oven
Orc:2:    pubby_orc_utopia, uniq_sonja
Elf:1:    layout_loops_corners, serial_shops, nicolae_shop_rolled_up,
          nicolae_elf_crossing_hall
Elf:2:    elven_hall_of_blades_hangedman_alternative
          [nicolae_blade_entry_crossed_weapons], layout_gridlike,
          grunt_megastairs_3
Elf:3:    elf_hall_gauntlet_wide, layout_loops_corners, minmay_shop_grove
Vaults:1: nicolae_vaults_taking_the_gang_shopping, nicolae_vaults_double_plus_1,
          vaults_dpeg_diagonal, nicolae_vaults_little_squares_1, v_misc_1,
          ontoclasm_vaults_fault, ontoclasm_vaults_chip, v_pattern_1,
          nicolae_vaults_network_s, hangedman_vaults_snaps,
          nicolae_vaults_tetromino_L_1, nicolae_vaults_house_1,
          nicolae_vaults_holding_cells, layout_vaults_ring
Vaults:2: v_misc_23, nicolae_vaults_frosty_reception,
          vaults_standard_mumra_enter_the_diamond, v_alt_pattern_6,
          nicolae_vaults_trapezoid_lopsided_2, vaults_dpeg_cross, serial_ice_h,
          v_misc_5, grunt_vaults_focal, nicolae_vaults_cochlea,
          grunt_vaults_trifunnel, nicolae_vaults_six-pack, vaults_dpeg_ring,
          vaults_room_grid, vaults_dpeg_hooks, layout_vaults_omnicross,
          serial_shops, shop
Vaults:3: mu_enter_wizlab_5, nicolae_vaults_house_2,
          minmay_crypt_entry_simple_sparse, v_rooms_4, hangedman_vaults_unwind,
          nicolae_vaults_little_squares_3, v_misc_27,
          nicolae_vaults_mini_display_case, layout_vaults_omnigrid,
          serial_shops, bzr_entry_water, shop, shop, shop
WizLab:   wizlab_tukima

Skill      XL: |  1  2  3  4  5  6  7  8  9 10 11 12 13 14 15 16 17 18 19 |
---------------+----------------------------------------------------------+-----
Dodging        | 2 3 4 5 6 8 9 10 11 12 13 14 15 16 | 16.7
Ranged Weapons | 4 5 6 8 10 11 13 14 15 16 17 18 19 20 | 20.0
Fighting       | 3 5 7 8 9 11 13 15 17 | 17.2
Armour         | 2 4 6 8 9 10 11 12 13 14 | 14.7
Shapeshifting  | 3 5 7 8 9 11 | 11.1
Stealth        | |  0.8

Action                     |  1- 3 |  4- 6 |  7- 9 | 10-12 | 13-15 | 16-18 | 19-21 || total
---------------------------+-------+-------+-------+-------+-------+-------+-------++-------
  Melee: Longbow           |       |       |       |       |       |    11 |       ||    11
   Fire: Shortbow          |   102 |   154 |   238 |       |       |       |       ||   494
         Orcbow            |       |       |   161 |    77 |       |       |       ||   238
         Longbow           |       |       |       |   543 |  1513 |  1964 |   666 ||  4686
  Evoke: Wand              |       |       |     1 |    10 |       |     6 |       ||    17
         Phantom mirror    |       |       |       |       |       |     1 |       ||     1
    Use: Scroll            |       |     8 |     3 |     6 |    12 |    15 |     5 ||    49
         Potion            |       |       |       |     2 |     2 |    12 |     3 ||    19
 Armour: Leather armour    |    32 |     4 |       |   169 |   194 |   396 |    60 ||   855
         Robe              |       |    23 |    96 |    32 |       |       |       ||   151
         Scale mail        |       |       |       |       |       |       |    63 ||    63
  Dodge: Dodged            |    45 |    43 |   193 |   503 |   658 |  1804 |   348 ||  3594

Table legend: (Time is in decaauts)
 A = Elapsed time spent in this place.
 B = Non-inter-level travel time spent in this place.
 C = Inter-level travel time spent in this place.
 D = Time resting spent in this place.
 E = Time spent auto-exploring this place.
 F = Levels seen in this place.
 G = Mean time per level.
                   A        B        C        D        E       F      G
               +--------+--------+--------+--------+--------+-----+--------+
         Total |  35652 |  31817 |   3835 |   1383 |  22984 |  38 |  938.2 |
       Dungeon |  15191 |  13291 |   1900 |    466 |  10134 |  15 | 1012.7 |
          Lair |   5129 |   4471 |    658 |     43 |   3566 |   5 | 1025.8 |
         Swamp |   2925 |   2679 |    246 |    143 |   1815 |   4 |  731.2 |
   Spider Nest |   3732 |   3489 |    243 |    268 |   2208 |   4 |  933.0 |
  Orcish Mines |   2351 |   2052 |    299 |     38 |   1428 |   2 | 1175.5 |
   Elven Halls |   3764 |   3382 |    382 |    422 |   2148 |   3 | 1254.7 |
        Vaults |   2324 |   2220 |    104 |      1 |   1598 |   3 |  774.7 |
        Bazaar |     96 |     96 |      0 |      0 |     54 |   1 |   96.0 |
        Wizlab |    136 |    136 |      0 |      0 |     30 |   1 |  136.0 |
               +--------+--------+--------+--------+--------+-----+--------+

Top non-repeatable levels by time:
   Elf:3: 1970 daAuts
   Orc:2: 1740 daAuts
     D:9: 1595 daAuts
    D:11: 1552 daAuts
     D:8: 1490 daAuts
     D:6: 1351 daAuts
Spider:2: 1242 daAuts
  Lair:2: 1213 daAuts
Vaults:2: 1159 daAuts
  Lair:5: 1100 daAuts
Vaults:1: 1046 daAuts
    D:12: 1045 daAuts
     D:3: 1038 daAuts
  Lair:1: 1025 daAuts
  Lair:3: 991 daAuts
